[Event "Late-Titled-Tuesday-Blitz-April-23-2024"]
[Site "Chess.com"]
[Date "2024.04.23"]
[Round "4"]
[White "jefferyx"]
[Black "artin10862"]
[Result "0-1"]
[WhiteElo "3098"]
[BlackElo "2927"]
[TimeControl "180+1"]
[EndTime "14:39:54 PDT"]
[Termination "artin10862 won by resignation"]

1. Nf3 c5 2. c3 Nf6 3. d4 g6 4. dxc5 Bg7 5. e3 O-O 6. b4 d6 7.
cxd6 Ne4 8. Bb2 a5 9. b5 Nxd6 10.
a4 Nd7 11. Nbd2 Nc5 12. Be2 Bf5 13. O-O Nd3 14. Bxd3 Bxd3 15. Re1 Rc8 16. e4 e5 17. Re3 Nc4 18. Nxc4 Bxc4 19. Nd2 Bh6 20. Nxc4 Qxd1+ 21. Rxd1 Rxc4 22. Ree1 Rxa4 23. Ra1 Rxa1 24. Rxa1 Rd8 25. Kf1 b6 26. c4 Rc8 27. Ra4 f6 28.
Ke2 Kf7 29. g3 Ke6 30. Kd3 Rd8+ 31. Kc3 Bd2+ 32. Kc2 Be1 33. f4 Rd2+ 34. Kb3 Rxh2 35.
fxe5 fxe5 36. c5 bxc5 37. b6 Kd6 38. Bxe5+ Kc6 39. Bc7 Bb4 40. Ra1 Kb5 0-1

[Event "Late-Titled-Tuesday-Blitz-April-23-2024"]
[Site "Chess.com"]
[Date "2024.04.23"]
[Round "4"]
[White "MuhittinBuker"]
[Black "Slovineanu"]
[Result "0-1"]
[WhiteElo "2147"]
[BlackElo "2472"]
[TimeControl "180+1"]
[EndTime "14:39:54 PDT"]
[Termination "Slovineanu won by resignation"]

1. d4 Nf6 2. c4 e6 3. Nf3 d5 4.
Nc3 c5 5. cxd5 Nxd5 6. e4 Nxc3 7. bxc3 cxd4 8. cxd4 Bb4+ 9. Bd2 Bxd2+ 10. Qxd2 O-O 11. Be2 Nd7 12. O-O b6 13. Rfd1 Bb7 14. Qe3 Re8 15.
e5 Rc8 16. h4 h6 17. Nh2 Nf8 18. Bf3 Bxf3 19. Nxf3 Ng6 20. g3 Ne7 21. Rac1 Nd5 22. Qd2 Qd7 23. Nh2 Rc6 24. Rxc6 Qxc6 25. Rc1 Qd7 26.
Qc2 b5 27. Ng4 b4 28. Qc5 Nc3 29. Kh2 a5 30. Ne3 Nxa2 31. Ra1 b3 32. Qxa5 Qxd4 33. Rd1 Qc3 34. Qb5 Rc8 35. Rd3 Qb2 36. Kg2 Nc1 37.
Rxb3 Nxb3 38. Qb7 Qc3 39. Ng4 Qc6+ 0-1

[Event "Late-Titled-Tuesday-Blitz-April-23-2024"]
[Site "Chess.com"]
[Date "2024.04.23"]
[Round "4"]
[White "Russian_berezka"]
[Black "titomagno_64"]
[Result "1-0"]
[WhiteElo "2635"]
[BlackElo "2314"]
[TimeControl "180+1"]
[EndTime "14:39:57 PDT"]
[Termination "Russian_berezka won on time"]

1. d4 Nf6 2. c4 g6 3. Nc3 d5 4. cxd5 Nxd5 5. e4 Nxc3 6. bxc3 Bg7 7. Bc4 c5 8. Ne2 Nc6 9. Be3 O-O 10. h4 h5 11. O-O Bg4 12. f3 Bd7 13. e5 Rc8 14.
Rc1 Na5 15. Bd3 Be6 16. f4 Nc4 17. Bf2 Nb2 18. Qd2 Nxd3 19. Qxd3 c4 20. Qe3 Bf5 21. Ng3 Bd3 22. Rfd1 e6 23. Rxd3 cxd3 24. Qxd3 Qxh4 25. Ne4 Qxf4 26. Be3 Qg4 27. Rf1 Rcd8 28. Rf4 Bxe5 29. Rxg4 hxg4 30. Bg5 Rd7 31. Bf6 Bf4 32. Qf1 1-0

[Event "Late-Titled-Tuesday-Blitz-April-23-2024"]
[Site "Chess.com"]
[Date "2024.04.23"]
[Round "4"]
[White "Bilan_Danila"]
[Black "Binary010"]
[Result "1/2-1/2"]
[WhiteElo "2573"]
[BlackElo "2834"]
[TimeControl "180+1"]
[EndTime "14:40:00 PDT"]
[Termination "Game drawn by repetition"]

1. d4 Nf6 2. Nf3 d5 3. c4 e6 4. Nc3 dxc4 5. e3 a6 6. Bxc4 b5 7. Be2 Bb7 8. O-O Nbd7 9. b3 Bd6 10. Bb2 O-O 11. a4 b4 12. Nb1 Qe7 13. Nbd2 e5 14.
dxe5 Nxe5 15. Nxe5 Bxe5 16. Bxe5 Qxe5 17. Bf3 Bxf3 18.
Nxf3 Qd5 19. Rc1 Rfd8 20. Qc2 Qd3 21. Ne5 Qxc2 22. Rxc2 Nd5 23. Rc4 a5 24. g3 f6 25.
Nc6 Rd6 26. Rd1 Nxe3 27. Rxd6 Nxc4 28. Rd7 Ne5 29. Nxe5 fxe5 30. Rxc7 Rd8 31. Rc5 Rd3 32. Rxe5 Rxb3 33. Rxa5 Ra3 34. Kg2 b3 35. Rb5 Rxa4 36. Rxb3 h5 37. h4 Kh7 38. Re3 g6 39. Kf3 Kg7 40. Re4 Ra2 41. Rf4 Rb2 42. Kg2 Ra2 43. Kf3 Rb2 44. Ke4 Re2+ 45. Kf3 Rb2 1/2-1/2

[Event "Late-Titled-Tuesday-Blitz-April-23-2024"]
[Site "Chess.com"]
[Date "2024.04.23"]
[Round "4"]
[White "grzechu96"]
[Black "Josetricks"]
[Result "0-1"]
[WhiteElo "2780"]
[BlackElo "2593"]
[TimeControl "180+1"]
[EndTime "14:40:01 PDT"]
[Termination "Josetricks won on time"]

1. e4 g6 2. d4 Bg7 3. Nf3 c6 4. Nc3 d5 5. h3 dxe4 6. Nxe4 Nf6 7. Bd3 Nxe4 8. Bxe4 O-O 9. O-O Nd7 10. Bf4 Qa5 11.
Re1 Nf6 12. Bd3 Nd5 13. Be5 Qb4 14. Bxg7 Kxg7 15. Qc1 Qd6 16. c3 Qf4 17. Qxf4 Nxf4 18. Bc2 Be6 19. Ng5 Rae8 20. Nxe6+ Nxe6 21. Rad1 Nf4 22. c4 e6 23. Kh2 Rd8 24. g3 Nh5 25. d5 exd5 26. cxd5 cxd5 27. Re7 Rfe8 28. Rde1 Rxe7 29. Rxe7 d4 30. Bd3 Nf6 31. Rxb7 Nd7 32. Rb3 Nc5 33. Ra3 Rb8 0-1

[Event "Late-Titled-Tuesday-Blitz-April-23-2024"]
[Site "Chess.com"]
[Date "2024.04.23"]
[Round "4"]
[White "AradNazari"]
[Black "whiteglovethief"]
[Result "0-1"]
[WhiteElo "2755"]
[BlackElo "2576"]
[TimeControl "180+1"]
[EndTime "14:40:01 PDT"]
[Termination "whiteglovethief won by checkmate"]

1. e4 e6 2. d4 d5 3. e5 c5 4. c3 Nc6 5. Nf3 Bd7 6. Be2 cxd4 7. cxd4 Nge7 8. Na3 Nf5 9. Nc2 Be7 10. O-O Rc8 11. Bd3 O-O 12. a3 f6 13. Bxf5 exf5 14. Bf4 g5 15. exf6 Bxf6 16. Bd6 Re8 17. Be5 g4 18.
Bxf6 Qxf6 19. Ne5 Nxe5 20. dxe5 Rxe5 21. Ne3 Bc6 22. Qd4 Rf8 23. Rfe1 Qe6 24. Nc2 Re4 25. Qxa7 d4 26. Qxd4 Rxd4 27. Rxe6 Rd2 28. Nb4 Be4 29. b3 Rc8 30. Re5 Rc3 31. Rf1 Rxb3 32. f3 Rbb2 33.
Rc1 Rxg2+ 34. Kf1 Rxh2 35. Kg1 Bxf3 36. Rc8+ Kg7 37. Nd3 Rh1# 0-1

[Event "Late-Titled-Tuesday-Blitz-April-23-2024"]
[Site "Chess.com"]
[Date "2024.04.23"]
[Round "4"]
[White "staz_staz"]
[Black "gorgeous1083"]
[Result "0-1"]
[WhiteElo "2285"]
[BlackElo "2092"]
[TimeControl "180+1"]
[EndTime "14:40:04 PDT"]
[Termination "gorgeous1083 won on time"]

1. d4 Nf6 2. Nf3 e6 3. c4 d5 4. Bg5 Be7 5. e3 O-O 6. Nc3 c6 7. Bd3 Nbd7 8. Qc2 h6 9. h4 b6 10. Bxf6 Nxf6 11. g4 Nd7 12. g5 h5 13. g6 f5 14.
O-O-O Nf6 15. Ne5 Bb7 16. Rhg1 c5 17. cxd5 Nxd5 18. dxc5 Rc8 19. Kb1 Rxc5 20. Qe2 Rxc3 21. Qxh5 Nf6 22. Qe2 Rxd3 23. Nxd3 Be4 24. f3 Bxd3+ 25. Rxd3 Qb8 26. a3 Rc8 27. Rd4 Qc7 28. Rgd1 Bc5 29. Rc4 Qe7 30. Rdc1 Rd8 31. h5 a5 32. h6 gxh6 33. Qh2 Kg7 34. Rh4 Bxe3 35. Re1 Bg5 36. Rc4 Kxg6 37. Ka1 Rd7 38. Qe5 Qd6 39. Qe2 b5 40. Rc2 b4 41. a4 b3 42. Rc3 Qd2 0-1

[Event "Late-Titled-Tuesday-Blitz-April-23-2024"]
[Site "Chess.com"]
[Date "2024.04.23"]
[Round "4"]
[White "reevecanada"]
[Black "stollenmonster"]
[Result "0-1"]
[WhiteElo "2616"]
[BlackElo "2921"]
[TimeControl "180+1"]
[EndTime "14:40:05 PDT"]
[Termination "stollenmonster won by checkmate"]

1. e4 c5 2. Nf3 Nf6 3. e5 Nd5 4. c4 Nc7 5. d4 cxd4 6. Qxd4 Nc6 7. Qe3 g6 8. Nc3 Bg7 9. h4 O-O 10. h5 d6 11. hxg6 hxg6 12. exd6 exd6 13. Be2 Re8 14. Qd2 Bg4 15. O-O Bxf3 16. Bxf3 Nd4 17. Bxb7 Rb8 18.
Bd5 Nxd5 19. cxd5 Rc8 20. Qd3 Qd7 21. Be3 Nf5 22. Bf4 Qe7 23. g3 Nd4 24. Kg2 Qd7 25.
Rfe1 Qg4 26. Bxd6 Nf5 27. Re4 Nh4+ 28. Kf1 Qh3+ 29. Ke2 Nf5 30. Bf4 Qg2 31. Qf3 Nd4+ 32. Kd3 Qxf3+ 33. Be3 Rxc3+ 34. bxc3 Qxe4+ 35. Kc4 Nc2+ 36. Kb3 Nxa1+ 37. Kb2 Qxd5 38. Kxa1 Bxc3+ 39. Kb1 Rxe3 40. fxe3 Qd1# 0-1

[Event "Late-Titled-Tuesday-Blitz-April-23-2024"]
[Site "Chess.com"]
[Date "2024.04.23"]
[Round "4"]
[White "HanSchut"]
[Black "HajiyevKanan"]
[Result "0-1"]
[WhiteElo "2339"]
[BlackElo "2611"]
[TimeControl "180+1"]
[EndTime "14:40:07 PDT"]
[Termination "HajiyevKanan won by resignation"]

1. e4 c6 2. d4 d5 3. e5 a6 4.
f4 Nh6 5. Nf3 Bg4 6. Bd3 e6 7.
c3 c5 8. a3 Nc6 9. Be3 Qb6 10.
Qd2 Bxf3 11. gxf3 c4 12. Be2 Nf5 13. Bf2 Na5 14. Qc2 Qb3 15. Qxb3 Nxb3 16. Ra2 g6 17. Nd2 Bh6 18. Bg3 Ne3 19. Bd1 Nc1 20. Ra1 Nd3+ 21.
Ke2 Nxd1 22. Kxd1 Bxf4 23. Bxf4 Nxf4 24. Kc2 Kd7 25. h4 h5 26. Rag1 b5 27. Ra1 a5 28.
Nf1 b4 29. axb4 axb4 30. Rxa8 b3+ 31. Kb1 Rxa8 32. Ne3 Ra2 33. Nd1 Nd3 34. Rf1 Nf4 35. Rg1 Ra8 36. Rf1 Rg8 37. Rg1 Ke7 38. Ne3 Kf8 39.
Rg3 Kg7 40. Rg1 Kh6 41. Rh1 Rf8 42. Rg1 f6 43. exf6 Rxf6 44. Rg5 Nd3 45. Rg3 Ne1 46.
Rg5 Nxf3 47. Rg3 Nd2+ 48. Kc1 Ne4 49. Rg2 Rf3 50. Re2 Rh3 51. Ng2 Rh1+ 52. Re1 Rxe1+ 53. Nxe1 g5 54. hxg5+ Kxg5 55. Nf3+ Kf4 56. Nh4 Kg3 57. Ng6 h4 0-1

[Event "Late-Titled-Tuesday-Blitz-April-23-2024"]
[Site "Chess.com"]
[Date "2024.04.23"]
[Round "4"]
[White "campochess"]
[Black "WoolworthsManly"]
[Result "1/2-1/2"]
[WhiteElo "2160"]
[BlackElo "2678"]
[TimeControl "180+1"]
[EndTime "14:40:07 PDT"]
[Termination "Game drawn by repetition"]

1. Nc3 d5 2. d4 Nf6 3. Bf4 c5 4. e3 cxd4 5. exd4 Nc6 6. Nf3 a6 7. Be2 Ne4 8. O-O Nxc3 9. bxc3 g6 10. c4 Be6 11. cxd5 Bxd5 12. c4 Bxf3 13. Bxf3 Bg7 14. Rb1 Qd7 15. d5 Ne5 16. Re1 Nxf3+ 17. Qxf3 O-O 18. d6 exd6 19. Rxb7 Qd8 20. Qd5 Be5 21. Bxe5 dxe5 22. Rxe5 Qh4 23. g3 Qg4 24. Ree7 Rad8 25. Red7 Rxd7 26. Rxd7 Qe6 27. Qxe6 fxe6 28. Rd6 Kf7 29.
Rxa6 Rc8 30. Ra7+ Kf6 31. Rxh7 Ra8 32. c5 Rxa2 33. c6 Rc2 34. c7 e5 35. Kg2 e4 36.
Kf1 Ke5 37. h4 e3 38. Re7+ Kf6 39. Rxe3 Rxc7 40. Kg2 Rc4 41. Kf3 Kf5 42. Ra3 Rc5 43. Ra4 Rc6 44. g4+ Kf6 45. Kg3 Rc1 46.
f4 Rc3+ 47. Kf2 Rh3 48. Ra6+ Kf7 49. Ra7+ Kg8 50. Ra8+ Kg7 51. Ra7+ Kg8 52. Ra8+ Kg7 53. Ra7+ Kg8 1/2-1/2

[Event "Late-Titled-Tuesday-Blitz-April-23-2024"]
[Site "Chess.com"]
[Date "2024.04.23"]
[Round "4"]
[White "Indefatigable11"]
[Black "Mikhail_Golubev"]
[Result "0-1"]
[WhiteElo "2402"]
[BlackElo "2572"]
[TimeControl "180+1"]
[EndTime "14:40:08 PDT"]
[Termination "Mikhail_Golubev won by checkmate"]

1. d4 Nf6 2. c4 d6 3. Nc3 g6 4. e4 Bg7 5. Be2 O-O 6. Be3 c5 7. d5 e6 8. Nf3 exd5 9. cxd5 b5 10. e5 dxe5 11. Bxc5 Re8 12. Bxb5 Bd7 13. Bxd7 Nbxd7 14. Be3 Nb6 15. Bxb6 Qxb6 16. Qe2 e4 17. Ng5 h6 18.
Nh3 e3 19. f3 Rab8 20. Rb1 Nxd5 21. Nxd5 Qa5+ 22. b4 Qxd5 23. O-O Qd2 24. Rfe1 Qxe2 25.
Rxe2 Bc3 26. a3 a5 27. b5 a4 28. Nf4 Re5 29. b6 Bd4 30. b7 Re7 31. g4 Rexb7 32. Rd1 Rb1 33. Rxb1 Rxb1+ 34. Kg2 Rb2 35. Kf1 Rb3 36. Ra2 Bc5 37. Ke2 Rxa3 38. Rxa3 Bxa3 39. Kxe3 Bc1+ 40. Ke4 Bxf4 41. Kxf4 a3 42. g5 a2 43. gxh6 a1=Q 44. Kg5 Qd4 45. f4 Kh7 46. h4 f5 47.
h5 Qd8# 0-1

[Event "Late-Titled-Tuesday-Blitz-April-23-2024"]
[Site "Chess.com"]
[Date "2024.04.23"]
[Round "4"]
[White "AsterPhoenix"]
[Black "FlemingA"]
[Result "1-0"]
[WhiteElo "2652"]
[BlackElo "2439"]
[TimeControl "180+1"]
[EndTime "14:40:09 PDT"]
[Termination "AsterPhoenix won by checkmate"]

1. e4 g6 2. d4 Bg7 3. Nc3 a6 4.
h4 h5 5. a4 d6 6. Be3 Nf6 7.
f3 c6 8. Nh3 Bxh3 9. Rxh3 d5 10. e5 Nfd7 11. Bg5 Qb6 12. a5 Qxb2 13. Bd2 O-O 14.
f4 e6 15. Rb1 Qa3 16. Nxd5 Qa4 17. Ne7+ Kh7 18. Bd3 Qxd4 19. Qxh5+ Bh6 20. Bxg6+ Kg7 21.
Bd3 Rh8 22. Rg3+ Kf8 23. Nc8 Bg7 24. Qg5 Qg1+ 25. Bf1 Nxe5 26. Qd8# 1-0

[Event "Late-Titled-Tuesday-Blitz-April-23-2024"]
[Site "Chess.com"]
[Date "2024.04.23"]
[Round "4"]
[White "protectiago"]
[Black "sassassasss"]
[Result "0-1"]
[WhiteElo "2068"]
[BlackElo "2450"]
[TimeControl "180+1"]
[EndTime "14:40:11 PDT"]
[Termination "sassassasss won on time"]

1. d4 Nc6 2. g3 e5 3. d5 Nce7 4.
Bg2 Ng6 5. e4 Bc5 6. Ne2 Nf6 7.
h4 h6 8. h5 Nf8 9. Be3 Bxe3 10. fxe3 d6 11. Nbc3 Bg4 12. Qd3 a6 13. O-O-O Bxh5 14. Rdf1 Bg4 15. Rf2 N8d7 16. Rhf1 Qe7 17. Kb1 O-O-O 18.
Nc1 Nc5 19. Qc4 Kb8 20. Nd3 h5 21. b4 Nxd3 22. cxd3 h4 23. gxh4 Rxh4 24. Rc2 Bd7 25. b5 axb5 26. Nxb5 Bxb5 27. Qxb5 Qd7 28. Qa5 b6 29. Rb2 Qc8 30. Rc1 Qb7 31. Qa4 Nd7 32. d4 f6 33. Bf1 Rxe4 34. Bb5 Nc5 35. Qc2 exd4 36. exd4 Rxd4 37. a4 Qxd5 38. Bf1 Rxa4 39. Bg2 Qd3 40. Qxd3 Nxd3 0-1

[Event "Late-Titled-Tuesday-Blitz-April-23-2024"]
[Site "Chess.com"]
[Date "2024.04.23"]
[Round "4"]
[White "Boorchess"]
[Black "only_strong_moves"]
[Result "0-1"]
[WhiteElo "2539"]
[BlackElo "2714"]
[TimeControl "180+1"]
[EndTime "14:40:13 PDT"]
[Termination "only_strong_moves won on time"]

1. d4 Nf6 2. Nf3 d5 3. c4 c5 4.
cxd5 cxd4 5. Qxd4 Qxd5 6. Nc3 Qxd4 7. Nxd4 a6 8. g3 e5 9. Nb3 Nc6 10. Bg2 Be6 11. O-O a5 12. Be3 Ng4 13. Bc5 Bxb3 14. Bxf8 Rxf8 15. axb3 Nf6 16. b4 Nxb4 17. Bxb7 Ra7 18.
Bg2 Ke7 19. Rfc1 Rb8 20. Ra4 Nd7 21. Rca1 Nc2 22. Rxa5 Rxa5 23. Rxa5 Rxb2 24. Nd5+ Kd6 25. Ra6+ Kc5 26. Nc3 Kb4 27. Nd5+ Kc4 28. Ra4+ Kb3 29.
Ra7 Nc5 30. Rxf7 Kc4 31. h4 e4 32. Rxg7 Kxd5 33. Rxh7 Nd4 34. Rh5+ Kc4 35. e3 Ne2+ 36.
Kh2 Nd3 0-1

[Event "Late-Titled-Tuesday-Blitz-April-23-2024"]
[Site "Chess.com"]
[Date "2024.04.23"]
[Round "4"]
[White "DeArron_Fox"]
[Black "osielchesslover2011"]
[Result "1-0"]
[WhiteElo "2491"]
[BlackElo "2229"]
[TimeControl "180+1"]
[EndTime "14:40:13 PDT"]
[Termination "DeArron_Fox won on time"]

1. d4 Nf6 2. c4 g6 3. Nc3 Bg7 4. e4 d6 5. f3 O-O 6. Be3 e5 7. Nge2 a5 8. Qd2 Nbd7 9. O-O-O c6 10. h4 Qc7 11. Bh6 a4 12. h5 a3 13. b3 exd4 14.
Nxd4 Nc5 15. g4 Bxg4 16. Bxg7 Kxg7 17. hxg6 fxg6 18. fxg4 Rae8 19. Qh6+ Kg8 20. Bh3 Nfxe4 21. Nxe4 Nxe4 22. g5 Nc5 23. b4 Na4 24. Be6+ Kh8 25.
Qxg6 d5 26. Nf5 1-0

[Event "Late-Titled-Tuesday-Blitz-April-23-2024"]
[Site "Chess.com"]
[Date "2024.04.23"]
[Round "4"]
[White "wadsy27"]
[Black "Narek_Ghimoyan"]
[Result "1-0"]
[WhiteElo "2648"]
[BlackElo "2438"]
[TimeControl "180+1"]
[EndTime "14:40:14 PDT"]
[Termination "wadsy27 won by resignation"]

1. c4 e6 2. g3 d5 3. Bg2 Nf6 4. Nf3 Be7 5. O-O O-O 6. b3 b6 7. Nc3 Bb7 8. cxd5 exd5 9. e3 a6 10.
Bb2 Nbd7 11. Rc1 c5 12. d4 Rc8 13. Re1 c4 14. bxc4 Rxc4 15. Ne5 Rc8 16. Bh3 Rc7 17. Qb3 Nxe5 18. dxe5 Ne4 19. Nxe4 dxe4 20. Rxc7 Qxc7 21. Rc1 Bc5 22. Bd4 Qe7 23. Bxc5 bxc5 24. e6 fxe6 25. Qxe6+ Qxe6 26. Bxe6+ Kh8 27. Rxc5 g6 28. Bd5 Bxd5 29. Rxd5 Rb8 30. Rd6 a5 31. Rd5 a4 32. Rd4 a3 33.
Ra4 Kg7 34. Rxa3 Kf6 35. Ra7 h5 36. Kg2 Kf5 37. h3 Rb2 38. Ra5+ Kf6 39. g4 h4 40.
Ra8 Rd2 41. a4 Ra2 42. a5 g5 43. a6 Kg7 44. Kf1 Ra1+ 45. Ke2 Ra2+ 46. Ke1 Ra1+ 47. Kd2 Ra2+ 48. Kc3 Rxf2 49. a7 Ra2 50. Kd4 Ra4+ 51.
Ke5 Ra5+ 52. Kxe4 Kh7 53. Kd4 Ra4+ 54. Kc3 Ra3+ 55. Kb4 Rxe3 56. Rb8 1-0

[Event "Late-Titled-Tuesday-Blitz-April-23-2024"]
[Site "Chess.com"]
[Date "2024.04.23"]
[Round "4"]
[White "DanielDardha2005"]
[Black "CarrotsandPizza"]
[Result "1-0"]
[WhiteElo "2848"]
[BlackElo "2602"]
[TimeControl "180+1"]
[EndTime "14:40:15 PDT"]
[Termination "DanielDardha2005 won on time"]

1. d4 Nf6 2. Bg5 g6 3. Bxf6 exf6 4. e3 d6 5. c4 Nd7 6. Nc3 a6 7.
g3 Rb8 8. Bg2 h5 9. h4 Bh6 10.
Nge2 O-O 11. O-O b5 12. cxb5 axb5 13. b4 c5 14. a3 Bb7 15. Bxb7 Rxb7 16. Nd5 Nb6 17.
Nec3 Bg7 18. dxc5 dxc5 19. bxc5 Nc4 20. c6 Ra7 21. c7 Qa8 22. Ne7+ Kh7 23. c8=R Rxc8 24.
Nxc8 Qxc8 25. Nxb5 Ra5 26. Nd6 Nxd6 27. Qxd6 Qa8 28.
Rfc1 f5 29. Ra2 Bf8 30. Qc6 Qd8 31. a4 Kg8 32. Rb1 Qd3 33. Qc2 Qd7 34. Rb8 Rd5 35. Qc8 Rd1+ 36. Kh2 Qd6 37. a5 Kg7 38. a6 1-0

[Event "Late-Titled-Tuesday-Blitz-April-23-2024"]
[Site "Chess.com"]
[Date "2024.04.23"]
[Round "4"]
[White "contrerasfiorella"]
[Black "Sandstad"]
[Result "1-0"]
[WhiteElo "2227"]
[BlackElo "2472"]
[TimeControl "180+1"]
[EndTime "14:40:15 PDT"]
[Termination "contrerasfiorella won by checkmate"]

1. e4 c6 2. d4 d5 3. exd5 cxd5 4. Bf4 Nc6 5. c3 Nf6 6. Nd2 Bg4 7. Qb3 Qd7 8. Ngf3 e6 9. Ne5 Qc8 10. f3 Bf5 11. g4 Bg6 12. h4 h5 13. Nxg6 fxg6 14. Bd3 hxg4 15. Bxg6+ Kd7 16. fxg4 Nxg4 17. Nf3 Bd6 18.
Bxd6 Kxd6 19. Ng5 Kc7 20. Bf7 Nd8 21. Bg6 Rh6 22. h5 Ne3 23. Ke2 Nc4 24. Raf1 Qd7 25.
Rf8 Qe7 26. Rhf1 Qxg5 27. R1f7+ Kc6 28. Qa4+ b5 29. Qa6+ Nb6 30. Rxd8 Qxd8 31. Qb7+ Kd6 32. Rxg7 Rh8 33. Qf7 Rf8 34. Qb7 Rb8 35. Qa6 Qh4 36. Qa3+ Kc6 37. Qc5# 1-0

[Event "Late-Titled-Tuesday-Blitz-April-23-2024"]
[Site "Chess.com"]
[Date "2024.04.23"]
[Round "4"]
[White "m_ezat"]
[Black "KebabJangles"]
[Result "0-1"]
[WhiteElo "2608"]
[BlackElo "2227"]
[TimeControl "180+1"]
[EndTime "14:40:15 PDT"]
[Termination "KebabJangles won by checkmate"]

1. d4 Nf6 2. Nc3 g6 3. e4 d6 4. h4 h5 5. Nf3 Bg7 6. Ng5 O-O 7. Bf4 Nc6 8. Bc4 e6 9. Bb3 Nh7 10. Be3 Nxg5 11. hxg5 e5 12. dxe5 Nxe5 13. f3 Be6 14. Qd2 Qe7 15. O-O-O Rad8 16. Kb1 c6 17. Rh2 d5 18. exd5 cxd5 19. Bd4 Nc4 20. Qe2 Qxg5 21. Bxg7 Kxg7 22. Rhh1 Rfe8 23. Qf2 Ne3 24. f4 Nxd1 25. Rxd1 Qf6 26. Ne2 d4 27. Nxd4 Bxb3 28. axb3 Rd6 29.
Rd3 Red8 30. c3 b5 31. f5 b4 32. Qg3 bxc3 33. bxc3 Kh7 34. Kb2 a5 35. Rf3 g5 36.
Qh2 Kh6 37. Rd3 a4 38. b4 Ra8 39. Ka3 Rc8 40. g4 h4 41. Rd2 Rxc3+ 42. Kb2 Rc4 43. Ka3 Rcxd4 44. Rxd4 Rxd4 45. Qb2 Qd6 46. Kxa4 Qc6+ 47. Kb3 Qc4+ 48. Ka3 Rd3+ 49. Ka4 Qa6# 0-1

[Event "Late-Titled-Tuesday-Blitz-April-23-2024"]
[Site "Chess.com"]
[Date "2024.04.23"]
[Round "4"]
[White "KorolDimitriy75"]
[Black "TimGrutter03"]
[Result "0-1"]
[WhiteElo "2351"]
[BlackElo "2609"]
[TimeControl "180+1"]
[EndTime "14:40:16 PDT"]
[Termination "TimGrutter03 won on time"]

1. d4 d5 2. c4 e6 3. Nc3 a6 4. cxd5 exd5 5. Bf4 c6 6. e3 Be6 7. Bd3 Bd6 8. Nge2 Ne7 9. Qc2 Ng6 10. Bg3 Qc7 11. O-O O-O 12. f3 Nd7 13. Rad1 a5 14. e4 Bxg3 15. Nxg3 Qb6 16. Qf2 Nf4 17. Bb1 a4 18. a3 Rfd8 19. e5 c5 20. Nge2 Nxe2+ 21. Nxe2 Qxb2 22. h3 Qxa3 23. f4 f5 24. exf6 Nxf6 25.
Qh4 Qe3+ 26. Rf2 a3 27. Rd3 a2 28. Rxe3 axb1=Q+ 29. Kh2 Bf7 30. Rg3 Kh8 31. f5 Rg8 32. Nf4 Qxf5 33. Ng6+ Qxg6 34. Rxg6 Bxg6 35. dxc5 Ne4 36.
Rb2 Nxc5 37. Qd4 Nd3 38. Rxb7 Rad8 39. Rc7 h6 40. Rc6 Be4 41. Rxh6+ Bh7 42. Rxh7+ Kxh7 43. Qxd3+ g6 44. Qd4 Rge8 45. Kg3 Re4 46. Qf6 Rd7 0-1

[Event "Late-Titled-Tuesday-Blitz-April-23-2024"]
[Site "Chess.com"]
[Date "2024.04.23"]
[Round "4"]
[White "Bala-Afiada"]
[Black "NowInChess"]
[Result "0-1"]
[WhiteElo "1976"]
[BlackElo "2250"]
[TimeControl "180+1"]
[EndTime "14:40:16 PDT"]
[Termination "NowInChess won by resignation"]

1. d4 Nf6 2. c4 c5 3. d5 b5 4. cxb5 a6 5. b6 d6 6. Nc3 Nbd7 7. Nf3 Nxb6 8. e4 g6 9. a4 Rb8 10. a5 Na8 11. Bc4 Nc7 12. O-O Bg7 13. Qc2 O-O 14.
Na4 Bg4 15. Be2 Bxf3 16. Bxf3 Nb5 17. Nb6 Nd4 18. Qd3 Nd7 19. Nxd7 Qxd7 20. Bd1 Qb5 21. Qxb5 Rxb5 22. Ra3 Rfb8 23. Re1 Kf8 24. g3 h5 25. Kg2 Nb3 26. Bg5 Nxa5 27. Be2 c4 28. Rf3 Bxb2 29. Rb1 Bd4 30. Rxb5 axb5 31. Bh6+ Kg8 32. Bd2 b4 33.
Bc1 c3 34. Rd3 Bg7 35. f4 Nb3 36. Be3 Nc5 37. Rd1 Nxe4 38. Bf3 Nc5 39. Bxc5 dxc5 40. d6 exd6 41. Rxd6 c2 42. Bd5 c1=Q 43. Rd7 Qb2+ 44. Kh3 Qf6 45. Rxf7 Qxf7 46. Bxf7+ Kxf7 0-1

[Event "Late-Titled-Tuesday-Blitz-April-23-2024"]
[Site "Chess.com"]
[Date "2024.04.23"]
[Round "4"]
[White "lupta_robin"]
[Black "Abund"]
[Result "1-0"]
[WhiteElo "2585"]
[BlackElo "2762"]
[TimeControl "180+1"]
[EndTime "14:40:19 PDT"]
[Termination "lupta_robin won by resignation"]

1. b3 e5 2. Bb2 Nc6 3. e3 Nf6 4. Nf3 Bd6 5. d4 O-O 6. dxe5 Bb4+ 7. c3 Ba5 8. exf6 Qxf6 9. Be2 d6 10. O-O Bf5 11.
Nd4 Bd7 12. Nxc6 bxc6 13. Bd3 Bb6 14. Nd2 d5 15. Qc2 Qh6 16. c4 Rfe8 17. c5 Ba5 18.
Nf3 Bg4 19. Nd4 Re5 20. f4 Rxe3 21. a3 Rae8 22. b4 Qh4 23. bxa5 g6 24. Qd2 f6 25.
Bc3 Kf7 26. Rae1 R3e7 27. g3 Qh3 28. Rxe7+ Rxe7 29. Re1 Rxe1+ 30. Qxe1 Qh5 31. Nxc6 Be6 32. Nd8+ Kg7 33. Nxe6+ Kg8 34. Nd4 Kf7 35. Qe6+ Kg7 36. Nf5+ gxf5 37. Bxf6+ Kh6 38. Be5+ Qg6 39. Bxf5 Qxe6 40.
Bxe6 c6 41. Bd7 1-0

[Event "Late-Titled-Tuesday-Blitz-April-23-2024"]
[Site "Chess.com"]
[Date "2024.04.23"]
[Round "4"]
[White "GMBenjaminBok"]
[Black "WoodlandMagic"]
[Result "1-0"]
[WhiteElo "3050"]
[BlackElo "2836"]
[TimeControl "180+1"]
[EndTime "14:40:20 PDT"]
[Termination "GMBenjaminBok won by resignation"]

1. d4 Nf6 2. c4 e6 3. Nc3 Bb4 4. Qc2 d5 5. a3 Be7 6. Nf3 O-O 7. Bf4 b6 8. cxd5 Nxd5 9. Nxd5 Qxd5 10. e4 Qa5+ 11. Bd2 Qh5 12. Qxc7 Re8 13. Be2 Ba6 14.
Bxa6 Nxa6 15. Qc4 Nb8 16. O-O Nd7 17. e5 Qg6 18. Rac1 b5 19. Qxb5 Nb6 20. Qe2 Nd5 21. Rc4 Rab8 22. b4 h6 23. g3 Qg4 24. Kg2 a5 25. bxa5 Rb2 26. Qd3 Bg5 27. Nxg5 hxg5 28. h3 Rxd2 29. Qxd2 Qe4+ 30. Kg1 Rb8 31. Rfc1 g4 32.
Rc8+ Rxc8 33. Rxc8+ 1-0

[Event "Late-Titled-Tuesday-Blitz-April-23-2024"]
[Site "Chess.com"]
[Date "2024.04.23"]
[Round "4"]
[White "h4parah5"]
[Black "GianmarcoVaR"]
[Result "1-0"]
[WhiteElo "3034"]
[BlackElo "2822"]
[TimeControl "180+1"]
[EndTime "14:40:20 PDT"]
[Termination "h4parah5 won by resignation"]

1. Nf3 Nf6 2. c4 g6 3. Nc3 Bg7 4. e4 O-O 5. d4 d6 6. Be2 c5 7. O-O Bg4 8. d5 e6 9. h3 Bxf3 10. Bxf3 exd5 11. exd5 Re8 12. Bg5 Nbd7 13. Qd2 a6 14. a4 Qe7 15. Rfe1 Qf8 16. a5 Ne5 17. Be2 h6 18. Be3 Ned7 19. Bd3 Ne5 20. Bf1 Kh7 21.
Qc2 Ned7 22. Bd2 Rxe1 23. Rxe1 Re8 24. Qd1 h5 25. f4 Rxe1 26. Qxe1 Qe8 27. Bd3 Qxe1+ 28.
Bxe1 Bh6 29. Ne2 Kg8 30. g3 Ne8 31. g4 hxg4 32. hxg4 Bf8 33. Kg2 Be7 34. Kf3 Bf6 35. g5 Bxb2 36. Bc2 Kf8 37. Ke4 Ng7 38. Ba4 Ke7 39.
Ng3 Ba1 40. Kd3 Nf5 41. Nxf5+ gxf5 42. Ke2 f6 43. g6 Nb8 44. Bc2 Kf8 45. Bxf5 Kg7 46.
Kf3 Bd4 47. Kg4 Ba1 48. Kh5 Bb2 49. Bc8 Ba3 50. f5 Bb4 51. Bg3 Bxa5 52. Bf4 Bc7 53. Bh6+ Kh8 54. g7+ Kh7 55. Be6 1-0

[Event "Late-Titled-Tuesday-Blitz-April-23-2024"]
[Site "Chess.com"]
[Date "2024.04.23"]
[Round "4"]
[White "Hrant_ChessMood"]
[Black "js20000"]
[Result "0-1"]
[WhiteElo "2943"]
[BlackElo "2747"]
[TimeControl "180+1"]
[EndTime "14:40:21 PDT"]
[Termination "js20000 won by resignation"]

1. c4 g6 2. d4 Bg7 3. e4 d6 4. Nc3 e5 5. Be3 Nc6 6. dxe5 dxe5 7.
Qxd8+ Nxd8 8. O-O-O c6 9. Nge2 Ne7 10. b4 Be6 11. c5 Bc4 12. Kb2 Ne6 13. Nc1 Bxf1 14.
Rhxf1 Rd8 15. Nb3 f5 16. f3 Rd7 17. Na5 Nd4 18. Nc4 Nc8 19. exf5 gxf5 20. f4 exf4 21.
Rxf4 Ne2 22. Rxd7 Kxd7 23. Rxf5 Ke6 24. Re5+ Bxe5 25. Nxe5 Nxc3 26. Kxc3 Rg8 27. Nd3 Ne7 28. g3 Nd5+ 29. Kd2 Rd8 30. Bg5 Rd7 31. Kc2 Kf5 32. Bd2 Re7 33. a4 Re2 34. b5 Rxh2 35. a5 cxb5 36.
a6 bxa6 37. c6 Ke6 38. Nc5+ Kd6 39. Nxa6 Kxc6 40. Kd3 Kb6 41. Nb8 Rxd2+ 42. Kxd2 Nf6 0-1